Cogmind - Beta 12 @@@ ROGUE MODE // 2023.03.11 @ 20:42:10 Player: Finestep Result: Destroyed by G-34 Mercenary with Small Laser Performance ------------- Evolutions (1) 500 Regions Visited (4) 800 Robots Destroyed (76) 380 Value Destroyed (1811) 1811 Prototype IDs (6) 120 Alien Tech Used (0) 0 Bonus (200) 200 TOTAL SCORE: 3811 Bonus ------- Entered Garrisons 200 Cogmind --------- Core Integrity 0/400 Matter 300/300 Energy 56/100 System Corruption 0% Temperature Hot (239) Movement Core (400) Ox7 Location -9/Garrison Parts ------- > --- POWER (1) -------- (None) > --- PROPULSION (3) --- (None) > --- UTILITY (3) ------ Large Storage Unit Improved Targeting Computer > --- WEAPON (2) ------- Advanced Beam Cannon > --- INVENTORY (15) --- Heat Sink Transport Network Coupler Light Armor Plating Improved Light Armor Plating Improved Light Armor Plating Improved Light Armor Plating Advanced Beam Cannon Advanced Beam Cannon Advanced Beam Cannon Advanced Beam Cannon Rocket Launcher Rocket Launcher Mining Laser Mace Peak State ------------ > --- POWER ------------ Heavy Ion Engine > --- PROPULSION ------- Aluminum Leg Aluminum Leg Aluminum Leg > --- UTILITY ---------- Large Storage Unit Improved Targeting Computer Improved Light Armor Plating > --- WEAPON ----------- Heavy EM Shotgun Heavy EM Shotgun > --- INVENTORY -------- Aluminum Leg Aluminum Leg Heat Sink Medium Armor Plating Improved Light Armor Plating Improved Light Armor Plating Improved Light Armor Plating Improved Medium Laser Improved Medium Laser Improved Medium Laser Advanced Beam Cannon Advanced Beam Cannon Advanced Beam Cannon Mining Laser Mace [Rating: 23] Favorites ----------- Power Light Ion Engine Engine Light Ion Engine Propulsion Aluminum Leg Leg Aluminum Leg Wheel Compact Wheel Utility Large Storage Unit Storage Large Storage Unit Processor Improved Targeting Computer Protection Light Armor Plating Weapon Light Assault Rifle Energy Gun Improved Medium Laser Energy Cannon Advanced Beam Cannon Ballistic Gun Light Assault Rifle Special Weapon Mining Laser Impact Weapon Mace Build | -11 -10 -9 -9 -9 ------- Run | Jun Mat Mat Sto Gar Slots Evolved 2 | . . 2 . . Power . | . . . . . Propulsion 1 | . . 1 . . Utility 1 | . . 1 . . Weapon . | . . . . . Parts Attached 55 | 6 8 30 10 1 Power 7 | 1 . 5 1 . Engine 7 | 1 . 5 1 . Core . | . . . . . Reactor . | . . . . . Propulsion 16 | 2 3 9 2 . Treads . | . . . . . Leg 14 | . 3 9 2 . Wheel 2 | 2 . . . . Hover . | . . . . . Flight . | . . . . . Utility 9 | 1 3 5 . . Device . | . . . . . Storage 3 | 1 2 . . . Processor 2 | . . 2 . . Hackware . | . . . . . Protection 4 | . 1 3 . . Artifact . | . . . . . Weapon 23 | 2 2 11 7 1 Energy Gun 9 | 1 . 3 5 . Energy Cannon 2 | . . 1 . 1 Ballistic Gun 9 | 1 1 7 . . Ballistic Cannon . | . . . . . Launcher . | . . . . . Special Weapon 1 | . 1 . . . Impact Weapon 2 | . . . 2 . Slashing Weapon . | . . . . . Piercing Weapon . | . . . . . Special Melee Weapon . | . . . . . Unidentified Prototypes 4 | . . 4 . . Parts Lost 11 | . . 5 . 6 Power 2 | . . 2 . . Propulsion 3 | . . . . 3 Utility 3 | . . 2 . 1 Weapon 3 | . . 1 . 2 Highest Loss Streak 6 | . . 1 . 6 To Critical Strikes . | . . . . . Average Slot Usage (%) 97 | . 93 99 98 87 Engine 11 | . 14 10 11 8 Leg 31 | . 27 33 33 26 Storage 11 | . 14 11 11 11 Processor 8 | . . 11 11 11 Protection 10 | . 7 10 11 7 Energy Gun 10 | . 14 6 19 20 Ballistic Gun 11 | . 13 15 . . Naked Turns . | . . . . . Heaviest Build 39 | 10 28 39 37 37 Greatest Support 30 | 26 26 30 30 30 Greatest Overweight (x) 1 | 1 1 1 1 1 Average Overweight (x) . | . . . 1 1 Largest Inventory Capacity 15 | 8 15 15 15 15 Average Capacity 14 | 7 12 15 15 15 Most Carried 15 | 7 14 15 15 15 Average Carried 13 | 4 10 14 14 14 Final Capacity 15 | 8 15 15 15 15 Final Carried 15 | 7 14 15 15 14 Class Distribution -------------------- 66% | Mutant 33% | Scavenger-Mutant Dominant Class ---------------- Mutant | -10/Materials Scavenger-Mutant | -9/Materials Mutant | -9/Storage Mutant | -9/Garrison Resources | -11 -10 -9 -9 -9 ----------- Run | Jun Mat Mat Sto Gar Matter Collected 1357 | 217 162 873 100 5 Remotely . | . . . . . Salvage Created 3061 | 56 309 1933 602 161 Parts 195 | 8 19 124 34 10 Haulers Intercepted 9 | . 2 4 3 . Recyclers Shooed 4 | . . 2 2 . Parts Field Recycled . | . . . . . Retrieved Matter . | . . . . . Parts Self-Destructed . | . . . . . Prevented . | . . . . . Kills | -11 -10 -9 -9 -9 ------- Run | Jun Mat Mat Sto Gar Combat Hostiles Destroyed 44 | . 4 30 7 3 Guns 41 | . 4 28 7 2 Cannons 1 | . . . . 1 AOE 2 | . . 2 . . Classes Destroyed 11 | 1 3 7 . . Worker 1 | . . 1 . . Builder 3 | . . 2 1 . Tunneler 4 | 3 . 1 . . Hauler 9 | . 2 4 3 . Recycler 6 | . . 4 2 . Operator 3 | . . 2 1 . Watcher 6 | . 2 3 1 . Swarmer 7 | . . 7 . . Grunt 23 | . 4 13 6 . Duelist 2 | . . 1 . 1 Sentry 12 | . . 9 1 2 Best Kill Streak 6 | 3 3 6 4 2 Combat Bots Only 4 | . 3 4 2 2 Max Kills in Single Turn 2 | 1 1 2 1 1 Gunslinging 1 | . . 1 . . Exploded 1 | . . 1 . . Melee . | . . . . . Uniques/NPCs Destroyed . | . . . . . Combat | -11 -10 -9 -9 -9 -------- Run | Jun Mat Mat Sto Gar Damage Taken 2405 | . 158 992 431 824 Core 416 | . 10 150 89 167 Absorbed by Shields . | . . . . . Core Remaining (%) 98 | 100 96 . . . Volleys Fired 214 | 10 31 126 34 13 Largest 2 | 2 2 2 2 2 Hottest 124 | 60 100 100 112 124 Shots Fired 415 | 20 60 245 64 26 Gun 409 | 20 58 245 64 22 Cannon 4 | . . . . 4 Launcher . | . . . . . Special 2 | . 2 . . . Kinetic 237 | 10 29 198 . . Thermal 138 | 10 31 11 60 26 Explosive . | . . . . . Electromagnetic 40 | . . 36 4 . Robot Hit Streak 10 | 3 10 10 9 8 Robot Miss Streak 5 | 3 4 5 4 2 Penetration Max . | . . . . . Secondary Targets 5 | . . 4 . 1 Max Gunslinging Chain 1 | . . 1 . 1 Shots Hit Robots 268 | 10 33 167 38 20 Core Hits 124 | 5 16 79 16 8 Critical Kills . | . . . . . Critical Parts Destroyed . | . . . . . Critical Strikes 8 | . . . 7 1 Burn 8 | . . . 7 1 Melee Attacks 4 | . . . 4 . Impact 4 | . . . 4 . Slashing . | . . . . . Piercing . | . . . . . Sneak Attacks . | . . . . . Combat Hostiles . | . . . . . Follow-up Attacks . | . . . . . Damage Inflicted 4146 | 102 358 2502 810 374 Guns 3746 | 102 358 2306 691 289 Cannons 82 | . . . . 82 Explosions 315 | . . 196 119 . Melee . | . . . . . Ramming 3 | . . . . 3 Kinetic 1846 | 46 146 1654 . . Thermal 1590 | 56 212 293 658 371 Explosive 119 | . . . 119 . Electromagnetic 588 | . . 555 33 . Impact . | . . . . . Slashing . | . . . . . Piercing . | . . . . . Highest Corruption 2 | . 2 . . . Average Corruption 1 | . 1 . . . Corruption Purged . | . . . . . Corruption Blocked . | . . . . . Effects 3 | . 3 . . . Energy Discharges 1 | . 1 . . . Data Loss (minor) 1 | . 1 . . . Alerts 1 | . 1 . . . Overload Shots . | . . . . . Overflow Damage . | . . . . . Projectiles . | . . . . . Explosions . | . . . . . Melee . | . . . . . Knockbacks . | . . . . . Impact . | . . . . . Kinetic . | . . . . . Secondary . | . . . . . Self-Inflicted Damage 139 | . . . 139 . Shots 2 | . . . 2 . Rammed . | . . . . . Targets Rammed 4 | . . . . 4 Kicked 4 | . . . . 4 Crushed . | . . . . . Highest Temperature 318 | 40 222 252 303 318 Average Temperature 68 | 24 60 33 96 158 Received Heat Transfer 789 | . 84 291 117 297 Siege Activations . | . . . . . Robots Corrupted . | . . . . . Combat Hostiles . | . . . . . Parts Fried 5 | . . 5 . . Impact Corruptions . | . . . . . Robots Melted . | . . . . . Combat Hostiles . | . . . . . Parts Melted 6 | . 1 2 3 . Heat Transferred 3860 | 125 475 525 1961 774 Parts Sabotaged . | . . . . . Parts Stolen . | . . . . . Parts Stripped . | . . . . . Power Chain Reactions 4 | . . 4 . . Missiles Intercepted . | . . . . . Alert | -11 -10 -9 -9 -9 ------- Run | Jun Mat Mat Sto Gar Peak Influence 394 | 15 172 394 376 209 Initial 169 | . 9 29 145 169 Average 204 | 3 82 245 268 186 Maximum Alert Level 1 | . . 1 1 1 Low Security (%) 51 | 100 100 36 19 88 Level 1 48 | . . 63 80 11 Level 2 . | . . . . . Level 3 . | . . . . . Level 4 . | . . . . . Level 5 . | . . . . . High Security . | . . . . . Max Security . | . . . . . Squads Dispatched 8 | . 3 3 2 . Investigation 2 | . 2 . . . Extermination . | . . . . . Reinforcement 6 | . 1 3 2 . Assault . | . . . . . Garrison . | . . . . . Intercept . | . . . . . Searches Triggered . | . . . . . Construction Impeded 1 | . . 1 . . Haulers Reinforced . | . . . . . Active Scanning Responses . | . . . . . Cargo Convoy Interrupts . | . . . . . Stealth | -11 -10 -9 -9 -9 --------- Run | Jun Mat Mat Sto Gar Distress Signals 6 | . . 4 2 . Communications Jammed . | . . . . . Distress Signals . | . . . . . Times Spotted 76 | . 9 44 13 10 Peak Tracking Total 7 | . 3 6 3 7 Tactical Retreats 4 | . . 4 . . Traps | -11 -10 -9 -9 -9 ------- Run | Jun Mat Mat Sto Gar Traps Triggered 4 | . 3 1 . . Indirectly . | . . . . . Trap Hack Attempts . | . . . . . Triggered . | . . . . . Disarmed . | . . . . . Reprogrammed . | . . . . . Reused . | . . . . . Traps Extracted . | . . . . . Installed . | . . . . . Triggered . | . . . . . Machines | -11 -10 -9 -9 -9 ---------- Run | Jun Mat Mat Sto Gar Machines Disabled 7 | . . 3 4 . Max in Single Turn 2 | . . 2 2 . Machines Repaired . | . . . . . Machines Sabotaged . | . . . . . Overloaded Fab Kills . | . . . . . Hacking | -11 -10 -9 -9 -9 --------- Run | Jun Mat Mat Sto Gar Machines Accessed 18 | . 6 8 4 . Terminals 16 | . 5 8 3 . Fabricators . | . . . . . Repair Stations . | . . . . . Recycling Units 1 | . 1 . . . Scanalyzers . | . . . . . Garrison Access 1 | . . . 1 . Total Hacks 61 | . 22 30 9 . Successful 27 | . 11 12 4 . Failed 32 | . 10 17 5 . Catastrophic 4 | . 1 3 . . Database Lockouts 2 | . 1 1 . . Manual 28 | . 9 16 3 . Terminals 56 | . 18 30 8 . Fabricators . | . . . . . Repair Stations . | . . . . . Recycling Units 4 | . 4 . . . Scanalyzers . | . . . . . Garrison Access 1 | . . . 1 . Terminal Hacks 19 | . 7 10 2 . Part Schematic 2 | . 1 1 . . Prototype ID Bank 1 | . 1 . . . Open Door 2 | . . . 2 . Unreport Threat 2 | . . 2 . . Locate Traps 3 | . 1 2 . . Reinforcement Status 1 | . . 1 . . Hauler Manifests 2 | . 1 1 . . Registered Components 2 | . 1 1 . . Zone Layout 4 | . 2 2 . . Fabricator Hacks . | . . . . . Repair Station Hacks . | . . . . . Recycling Unit Hacks . | . . . . . Scanalyzer . | . . . . . Garrison Access Hacks 1 | . . . 1 . Unlock Access 1 | . . . 1 . Unauthorized Hacks 7 | . 4 2 1 . Terminals 6 | . 3 2 1 . Track 3 | . 2 1 . . Assimilate 1 | . . . 1 . Botnet 2 | . 1 1 . . Fabricators . | . . . . . Repair Stations . | . . . . . Recycling Units 1 | . 1 . . . Tunnel 1 | . 1 . . . Scanalyzers . | . . . . . Garrison Access . | . . . . . Data Cores Recovered . | . . . . . Used . | . . . . . Hacking Detections 15 | . 5 8 2 . Full Trace Events . | . . . . . Feedback Events . | . . . . . Feedback Blocked . | . . . . . Robot Schematics Acquired . | . . . . . Robots Built . | . . . . . Authchips . | . . . . . Time . | . . . . . Total Robot Build Rating . | . . . . . Part Schematics Acquired 2 | . 1 1 . . Parts Built . | . . . . . Authchips . | . . . . . Time . | . . . . . Total Part Build Rating . | . . . . . Parts Repaired . | . . . . . Time . | . . . . . Parts Recycled . | . . . . . Recycled Matter . | . . . . . Retrieved Matter . | . . . . . Retrieved Components . | . . . . . Parts Scanalyzed . | . . . . . Part Schematics Acquired . | . . . . . Parts Damaged . | . . . . . Bothacking | -11 -10 -9 -9 -9 ------------ Run | Jun Mat Mat Sto Gar Used RIF Installer . | . . . . . Robots Hacked . | . . . . . Non-combat . | . . . . . Combat . | . . . . . Robot Hacks Applied . | . . . . . Relay Couplers Released . | . . . . . Fabnet Peak Effective % . | . . . . . Robots Rewired . | . . . . . Allies Hacked . | . . . . . Hacks Repelled . | . . . . . Allies | -11 -10 -9 -9 -9 -------- Run | Jun Mat Mat Sto Gar Total Allies 1 | . . . 1 . Largest Group 1 | . . . 1 . Highest-Rated Group 10 | . . . 10 . Highest-Rated Ally 10 | . . . 10 . Total Orders . | . . . . . Ally Attacks . | . . . . . Total Damage . | . . . . . Kills . | . . . . . Allies Corrupted . | . . . . . Allies Melted . | . . . . . Intel | -11 -10 -9 -9 -9 ------- Run | Jun Mat Mat Sto Gar Robot Analysis Total . | . . . . . Derelict Logs Recovered . | . . . . . Drone Launches . | . . . . . Drone Recoveries . | . . . . . Exploration | -11 -10 -9 -9 -9 ------------- Run | Jun Mat Mat Sto Gar Turns Passed 3086 | 78 704 1649 554 101 Spaces Moved 1393 | 40 388 726 214 25 Core 6 | 6 . . . . Treads . | . . . . . Legs 1338 | . 373 726 214 25 Wheels 49 | 34 15 . . . Hover . | . . . . . Flight . | . . . . . Fastest Speed 50 | 50 90 120 190 190 Average Speed 163 | 87 151 165 190 190 Slowest Speed 190 | 100 190 190 190 190 Overloaded Moves . | . . . . . Propulsion Burnouts . | . . . . . Robots Hopped . | . . . . . Cave-ins Triggered . | . . . . . Exploration Rate (%) 38 | 3 74 75 33 8 Regions Visited 4 Branch Regions 1 Pre-discovered Areas 1 | . 1 . . . Known Exits Taken 1 | . . . 1 . Unknown Exits Taken 3 | 1 1 1 . . Scrap Searched . | . . . . . Spaces Dug 3 | . 2 . 1 . Terrain Destroyed 38 | . 2 10 26 . Melee 1 | . . . 1 . Projectile 2 | . 2 . . . AOE 35 | . . 10 25 . Terrain Rammed . | . . . . . Walls Destroyed . | . . . . . Machines Disabled . | . . . . . Actions | -11 -10 -9 -9 -9 --------- Run | Jun Mat Mat Sto Gar Total 1834 | 62 447 984 292 49 Wait 62 | . 1 35 20 6 Move 1390 | 39 387 725 214 25 Hop . | . . . . . Pick Up 50 | 7 11 28 4 . Fast Attach 19 | 6 4 9 . . Attach 13 | . 1 8 3 1 Detach 1 | . 1 . . . Swap 23 | . 3 13 7 . Drop 54 | . 8 40 6 . Fire 214 | 10 31 126 34 13 Melee 4 | . . . 4 . Ram . | . . . . . Kick 4 | . . . . 4 Crush . | . . . . . Escape Stasis . | . . . . . Rewire . | . . . . . Trap . | . . . . . Miscellaneous . | . . . . . Route ------- -11/Junkyard -10/Materials (discovered 3 exits: *Mat x2 / [*Min]) -9/Materials (discovered 4 exits: [*Mat] / [*Min x2] / *Sto) -9/Storage -9/Garrison History --------- Turn | Location | Event 19 | -11/Junkyard | Discovered new exit (range 16) 79 | -11/Junkyard | Entered Materials 290 | -10/Materials | Discovered new exit (range 10) 305 | -10/Materials | Build established: Mutant 306 | -10/Materials | Central database locked down 446 | -10/Materials | Discovered new exit (range 16) 600 | -10/Materials | Discovered new exit (range 11) 783 | -10/Materials | Entered another Materials area 783 | -9/Materials | Evolved 2 slots: Propulsion x1, Utility x1 897 | -9/Materials | Discovered new exit (range 15) 1261 | -9/Materials | Build established: Scavenger-Mutant 1537 | -9/Materials | Central database locked down 1758 | -9/Materials | Discovered new exit (range 6) 2282 | -9/Materials | Build established: Mutant 2339 | -9/Materials | Discovered new exit (range 15) 2370 | -9/Materials | Discovered new exit (range 15) 2432 | -9/Materials | Entered Storage 2493 | -9/Storage | Core integrity fell below 50% 2986 | -9/Storage | Identified exit to Garrison 2986 | -9/Storage | Entered Garrison 3006 | -9/Garrison | Triggered checkpoint 3058 | -9/Garrison | Core integrity fell below 20% 3087 | -9/Garrison | Destroyed by G-34 Mercenary with Small Laser Last Messages --------------- 03006_ Beams of light sweep through the air. An alarm sounds. 03018_ Critical hit (Burn: +37). 03020_ Y-45 Defender destroyed. 03020_ Switching to secondary target: Y-45 Defender. 03023_ Y-45 Defender destroyed. 03035_ Aluminum Leg destroyed. 03054_ Y-45 Defender suffers critical hit (Burn). 03056_ Imp. Light Armor Plating destroyed. 03061_ Y-45 Defender heat damages Heat Sink, Hvy. Assault Rifle, Beam Rifle, Lgt. Treads. 03067_ Kicked G-34 Mercenary. 03069_ Hvy. Ion Engine severed. 03071_ Kicked G-34 Mercenary. 03074_ Imp. Medium Laser destroyed. 03076_ Acquired 3 matter. 03077_ Aluminum Leg destroyed. 03079_ L-31 Rogue destroyed. 03080_ Acquired 2 matter. 03081_ Aluminum Leg destroyed. 03086_ Imp. Medium Laser destroyed. Map ----- +----------------------------------------------------+ | ?????????????????????????????????????????????????? | | ?????????????????????????????????????????????????? | | ??????????????????????????????#??????????????????? | | ?????????????????????????????? ??????????????????? | | ?????????????????????????????? ??????????????????? | | ?????????????????????????????# #?????????????????? | | ?????????????????????????????# #?????????????????? | | ?????????????????????????????# #?????????????????? | | ????????????????????????????? #?????????????????? | | ?????????????????????????????!%#?????????????????? | | ?????????????????????????????[!#?????????????????? | | ?????????????????????????????#%#?????????????????? | | ?????????????????????????????#=#?????????????????? | | ?????????????????????????????#*#?????????????????? | | ?????????????????????????????#[#?????????????????? | | ?????????????????????????????# #???#####?????????? | | ?????????????????????????????# #???# #?????????? | | ???????????????????????????### ##### #?????????? | | ???????????????????????????# #?????????? | | ???????????????????????????+ #?????????? | | ???????????????????????????# ##########?????????? | | ???????????????????????????# #??????????????????? | | ???????????????????????#???# #??????????????????? | | ????????????"""#???????# ??# #??????????????????? | | ?????????? ####g### ### #????????????? | | ?????????? *@%= w ????????? | | ?????????? %%g= ### #????????????? | | ??????????# ## ####g######??????????????????? | | ????????????????#??????#g????????????????????????? | | ??????????????????????? ????????????????????????? | | ???????????????????????##????????????????????????? | | ?????????????????????????????????????????????????? | | ?????????????????????????????????????????????????? | | ?????????????????????????????????????????????????? | | ?????????????????????????????????????????????????? | | ?????????????????????????????????????????????????? | | ?????????????????????????????????????????????????? | | ?????????????????????????????????????????????????? | | ?????????????????????????????????????????????????? | | ?????????????????????????????????????????????????? | | ?????????????????????????????????????????????????? | | ?????????????????????????????????????????????????? | | ?????????????????????????????????????????????????? | | ?????????????????????????????????????????????????? | | ?????????????????????????????????????????????????? | | ?????????????????????????????????????????????????? | | ?????????????????????????????????????????????????? | | ?????????????????????????????????????????????????? | | ?????????????????????????????????????????????????? | | ?????????????????????????????????????????????????? | +----------------------------------------------------+ Best States ------------- Heat Dissipation 28 Energy Generation 14 Energy Capacity 280 Matter Stores 300 Matter Capacity 300 Sight Range 16 Terrain Scan Density 10 Armor Coverage 150 Evasion (%) 55 Targeting Accuracy 6 Item Schematics ----------------- Hcp. Storage Unit | -10/Materials | Hacked Med. Armor Plating | -9/Materials | Hacked Robot Schematics ------------------ None Fabricated ------------ Nothing Alien Tech Used ----------------- None Achievements -------------- None Challenges ------------ None Game ------ Seed SubatomicAssaultCasing Manual? 0 Play Time 00:18:24 Cumulative 618.1 hours Start 2023.03.11 @ 20:23:52 End 2023.03.11 @ 20:42:10 Sessions 1 Manual Loads 0 Difficulty Rogue Special Mode None Game No. 390 Rogue 390 Adventurer 0 Explorer 0 Win Type - Total 8 Types 5/0/1/1/1/0/0/0/0 Lore% 86 Gallery% 88 Achievement% 74 Wizard Run 0 Options --------- ASCII 0 Keyboard 0 Movement Mouse Keybinds 1 Fullscreen 2 Font 24/Smallcaps Map View 68x50 Tactical HUD 1 Map Filters NONE Filters NONE Steam 1 RUN: f806ff18-cb19-41f9-8fd5-75d27274c4a8